 Dungeon Crawl Stone Soup version 0.27-a0-1391-g48c30b3128 (webtiles) character file.

Game seed: 4200012117726473049

86 Delamore the Skirmisher (level 4, -4/37 HPs)
             Began as a Formicid Fighter on July 1, 2021.
             Slain by an iguana (6 damage)
             ... on level 4 of the Dungeon.
             The game lasted 00:02:08 (2581 turns).

Delamore the Skirmisher (Formicid Fighter)          Turns: 2581, Time: 00:02:08

Health: -4/37      AC:  8    Str: 21    XL:     4   Next: 77%
Magic:  13/13      EV:  8    Int:  7    God:
Gold:   75         SH:  9    Dex: 11    Spells: 3/3 levels left

rFire    . . .     SeeInvis +   a - +0 quarterstaff
rCold    . . .     Faith    .   c - +0 kite shield
rNeg     . . .     Spirit   .   b - +0 scale mail
rPois    .         Reflect  .   (helmet unavailable)
rElec    .         Harm     .   (no cloak)
rCorr    .         Rampage  .   j - +0 pair of gloves
Will     .....                  (no boots)
Stlth    ..........             (no amulet)
HPRegen  0.12/turn              g - ring of magical power
MPRegen  0.13/turn              (no ring)

@: no status effects
A: permanent stasis, dig shafts and tunnels, antennae 3, four strong arms
a: Dig, Shaft Self


You were on level 4 of the Dungeon.
You visited 1 branch of the dungeon, and saw 4 of its levels.

You collected 75 gold pieces.

Inventory:

Hand Weapons
 a - a +0 quarterstaff (weapon)
 h - a +3 dagger of holy wrath
Missiles
 l - 6 boomerangs
Armour
 b - a +0 scale mail (worn)
 c - a +0 kite shield (worn)
 j - a +0 pair of gloves (worn)
Jewellery
 f - an amulet of faith
 g - a ring of magical power (left hand)
Scrolls
 k - 2 scrolls of teleportation
Potions
 d - 3 potions of might
 e - 5 potions of heal wounds
 m - 3 potions of haste


   Skills:
 + Level 4.1 Fighting
 * Level 3.9 Staves
 - Level 3.2 Armour
 - Level 3.6 Shields


You had 3 spell levels left.
You didn't know any spells.
Your spell library contained the following spells:

 Spells                   Type           Power      Damage    Failure   Level
 Confusing Touch          Hex            0%         N/A       100%        3
 Gell's Gravitas          Tloc           0%         N/A       100%        3
 Petrify                  Tmut/Erth      0%         N/A       100%        4
 Metabolic Englaciation   Hex/Ice        0%         N/A       100%        5
 Yara's Violent Unravell  Hex/Tmut       0%         3d3       100%        5


Dungeon Overview and Level Annotations

Branches:
Dungeon (4/15)
 Temple: D:4-7

Altars:

Annotations:
D:3 Natasha, Sigmund


Innate Abilities, Weirdness & Mutations

You cannot be hasted, slowed, berserked, paralysed or teleported.
You can dig through walls and to a lower floor.
You have a pair of large antennae on your head. (SInv)
Your four strong arms can wield two-handed weapons with a shield.


Message History

No target in view!
m - 3 potions of haste (gained 2)
You sense a monster nearby.
An iguana comes into view.
The iguana hisses angrily.
An iguana is nearby!
You hit the iguana but do no damage. The iguana barely misses you.
You hit the iguana but do no damage. The iguana bites you!
You closely miss the iguana. The iguana bites you!
The iguana bites you but does no damage.
You hit the iguana.
The iguana is lightly wounded.
The iguana bites you!
* * * LOW HITPOINT WARNING * * *
You are too injured to fight recklessly!
You are too injured to fight recklessly!
You aren't carrying any items that you can evoke.
You hit the iguana.
The iguana is lightly wounded.
The iguana barely misses you.
You sock the iguana!
The iguana is severely wounded.
You block the iguana's attack.
You closely miss the iguana.
The iguana is severely wounded.
You block the iguana's attack.
The iguana hisses menacingly.
You block the iguana's attack.
You barely miss the iguana.
The iguana is severely wounded.
The iguana bites you.
* * * LOW HITPOINT WARNING * * *
You closely miss the iguana.
The iguana is severely wounded.
The iguana bites you!
* * * LOW HITPOINT WARNING * * *
You closely miss the iguana.
The iguana is severely wounded.
You block the iguana's attack. The iguana bites you.
You die...

#.###..###
#.##.#.#
#.##...#
#.##.#.#
######......#
#.......##.##
#.......##.#
###.......##.#
#.@..........#
#l#......†####
...#.......#
#####.......#
#########


You could see an iguana.

Vanquished Creatures
  3 adders
  2 worms
  A dart slug (D:2)
  8 bats
  3 endoplasms
  2 goblins
  4 hobgoblins
  8 jackals
  4 quokkas
  3 ball pythons
  5 frilled lizards
  6 rats
49 creatures vanquished.

Notes
Turn   | Place    | Note
-------+----------+-------------------------------------------
     0 | D:1      | Delamore the Formicid Fighter began the quest for the Orb.
     0 | D:1      | Reached XP level 1. HP: 18/18 MP: 1/1
    84 | D:1      | Reached XP level 2. HP: 20/24 MP: 2/2
   988 | D:2      | Reached XP level 3. HP: 29/30 MP: 3/3
  1158 | D:2      | Found a faded altar of an unknown god.
  1274 | D:2      | Reached XP level 4. HP: 37/37 MP: 4/4
  1338 | D:2      | Reached skill level 4 in Fighting
  2138 | D:3      | Noticed Natasha
  2140 | D:3      | Noticed Sigmund
  2581 | D:4      | Slain by an iguana

Illustrated notes

Levels and vault maps discovered:
D:1:      minmay_arrival_arboretum_small, layout_basic,
          chequers_serial_rivers_small_b
D:2:      layout_rooms, ebering_ecumenical_altar_webs
D:3:      layout_rooms, kennysheep_generic_room_13, uniq_natasha, uniq_sigmund
D:4:      layout_loops_cross, minmay_temple_entry_overgrown

Skill      XL: |  1  2  3  4 |
---------------+-------------+-----
Staves         | 3 |  3.9
Fighting       | 4 |  4.1
Armour         | |  3.2
Shields        | |  3.6

Action                   |  1- 3 |  4- 6 || total
-------------------------+-------+-------++-------
Melee: Quarterstaff      |    80 |    62 ||   142
  Use: Scroll            |     1 |     2 ||     3
 Stab: Held in net/web   |     1 |       ||     1
Armor: Scale mail        |    33 |    18 ||    51
Dodge: Dodged            |    21 |    22 ||    43
Block: Kite shield       |    42 |    38 ||    80

Table legend: (Time is in decaauts)
 A = Elapsed time spent in this place.
 B = Non-inter-level travel time spent in this place.
 C = Inter-level travel time spent in this place.
 D = Time resting spent in this place.
 E = Time spent auto-exploring this place.
 F = Levels seen in this place.
 G = Mean time per level.
                   A        B        C        D        E       F      G
               +--------+--------+--------+--------+--------+-----+--------+
         Total |   2627 |   2542 |     85 |    607 |   1561 |   4 |  656.8 |
       Dungeon |   2627 |   2542 |     85 |    607 |   1561 |   4 |  656.8 |
               +--------+--------+--------+--------+--------+-----+--------+

Top non-repeatable levels by time:
     D:1: 1008 daAuts
     D:2: 837 daAuts
     D:4: 424 daAuts
     D:3: 356 daAuts
